| TOP OF THE 1ST |
|
West Michigan Whitecaps batting - Pitching for Greenville Drive : RHP Su-wu Yang
|
|
Pitching: RHP Su-wu Yang
|
|
|
Batting: SHB Willie Medina
|
0-0: Foul Ball, location: 2F 0-1: Foul Ball, location: 2F 0-2: Ground out U3 (Groundball, 34, EV 104.4 MPH)
|
|
Batting: LHB Dave Carlisle
|
0-0: Ball 1-0: Called Strike 1-1: Called Strike 1-2: Foul Ball, location: 2F 1-2: Foul Ball, location: 2F 1-2: Ball 2-2: SOLO HOME RUN (Flyball, 9D, EV 105.6 MPH), Distance : 398 ft
|
|
Batting: LHB Jamie Christian
|
0-0: Ball 1-0: Foul Ball, location: 2F 1-1: Foul Ball, location: 2F 1-2: Ball 2-2: Ball 3-2: Base on Balls
|
|
Batting: RHB Jon Goldstein
|
0-0: Ball 1-0: Grounds into double play, 6-4-3 (Groundball, 6, EV 83.1 MPH)
|
| Top of the 1st over - 1 run, 1 hit, 0 errors, 0 left on base; West Michigan 1 - Greenville 0 |
| BOTTOM OF THE 1ST |
|
Greenville Drive batting - Pitching for West Michigan Whitecaps : RHP Dave Valdez
|
|
Pitching: RHP Dave Valdez
|
|
|
Batting: LHB John Buff
|
0-0: Called Strike 0-1: Ball 1-1: Called Strike 1-2: Foul Ball, location: 2F 1-2: Ground out 4-3 (Groundball, 34D, EV 98.8 MPH)
|
|
Batting: RHB Jim Hubbard
|
0-0: Called Strike 0-1: SINGLE (Flyball, 6D, EV 96.2 MPH)
|
|
Batting: SHB Robert Soto
|
0-0: Ball Jim Hubbard steals 2nd base 1-0: Fly out, F7 (Flyball, 78D, EV 103.1 MPH)
|
|
Batting: LHB Eddie Contreras
|
0-0: Called Strike 0-1: Ball 1-1: Ball 2-1: Ball 3-1: 2-RUN HOME RUN (Flyball, 7LD, EV 92.5 MPH), Distance : 349 ft
|
|
Batting: RHB Alex Cardenas
|
0-0: Called Strike 0-1: Ball 1-1: Ball 2-1: SINGLE (Line Drive, 8LS, EV 111.9 MPH)
|
|
Batting: RHB Tony Nunez
|
0-0: Ball 1-0: Swinging Strike 1-1: Foul Ball, location: 2F 1-2: Strikes out swinging
|
| Bottom of the 1st over - 2 runs, 3 hits, 0 errors, 1 left on base; West Michigan 1 - Greenville 2 |
| TOP OF THE 2ND |
|
West Michigan Whitecaps batting - Pitching for Greenville Drive : RHP Su-wu Yang
|
|
Batting: LHB Jon Pedlar
|
0-0: Called Strike 0-1: Ball 1-1: Foul Ball, location: 2F 1-2: Ball 2-2: Foul Ball, location: 2F 2-2: Foul Ball, location: 2F 2-2: Fly out, F8 (Flyball, 8LM, EV 90.6 MPH)
|
|
Batting: RHB Scott Carr
|
0-0: Called Strike 0-1: Swinging Strike 0-2: Ball 1-2: Ball 2-2: DOUBLE (Groundball, 5L, EV 110.0 MPH)
|
|
Batting: RHB Joe Zimmerman
|
0-0: Called Strike 0-1: Called Strike 0-2: Ball 1-2: Foul Ball, location: 2F 1-2: Strikes out swinging
|
|
Batting: LHB Steve Herrera
|
0-0: Foul Ball, location: 2F 0-1: Ball 1-1: Called Strike 1-2: Foul Ball, location: 2F 1-2: Strikes out swinging
|
| Top of the 2nd over - 0 runs, 1 hit, 0 errors, 1 left on base; West Michigan 1 - Greenville 2 |
| BOTTOM OF THE 2ND |
|
Greenville Drive batting - Pitching for West Michigan Whitecaps : RHP Dave Valdez
|
|
Batting: RHB Scott Hawkins
|
0-0: Ground out 1-3 (Groundball, 13, EV 68.1 MPH)
|
|
Batting: RHB Ted Emmerich
|
0-0: Foul Ball, location: 2F 0-1: Ball 1-1: Ground out 4-3 (Groundball, 4, EV 89.4 MPH)
|
|
Batting: RHB Roger Mitchell
|
0-0: Called Strike 0-1: Swinging Strike 0-2: Foul Ball, location: 2F 0-2: Ball 1-2: Ball 2-2: Strikes out swinging
|
| Bottom of the 2nd over - 0 runs, 0 hits, 0 errors, 0 left on base; West Michigan 1 - Greenville 2 |
| TOP OF THE 3RD |
|
West Michigan Whitecaps batting - Pitching for Greenville Drive : RHP Su-wu Yang
|
|
Batting: RHB Yaremka Rzhevsky
|
0-0: Ball 1-0: Ball 2-0: Swinging Strike 2-1: Ball 3-1: SINGLE (Line Drive, 89S, EV 105.0 MPH)
|
|
Batting: SHB Willie Medina
|
0-0: Ball 1-0: Swinging Strike 1-1: Fielders Choice at 2nd, 3-6 (Groundball, 3, EV 101.9 MPH)
|
|
Batting: LHB Dave Carlisle
|
0-0: Ball 1-0: Ball 2-0: Foul Ball, location: 2F 2-1: Ball 3-1: Called Strike 3-2: Base on Balls Willie Medina to second
|
|
Batting: LHB Jamie Christian
|
0-0: Foul Ball, location: 2F 0-1: SINGLE (Groundball, 6MD, EV 93.8 MPH) Willie Medina to third Dave Carlisle to second Runner from 3rd tries for Home, SAFE, throw by CF to home
|
|
Batting: RHB Jon Goldstein
|
0-0: Ball 1-0: Grounds into double play, 6-4-3 (Groundball, 6, EV 84.4 MPH)
|
| Top of the 3rd over - 1 run, 2 hits, 0 errors, 1 left on base; West Michigan 2 - Greenville 2 |
| BOTTOM OF THE 3RD |
|
Greenville Drive batting - Pitching for West Michigan Whitecaps : RHP Dave Valdez
|
|
Batting: LHB John Buff
|
0-0: Ball 1-0: Called Strike 1-1: Foul Ball, location: 2F 1-2: Foul Ball, location: 2F 1-2: Hit by Pitch
|
|
Pinch Runner at 1st Carlos Guerra:
|
|
|
Batting: RHB Jim Hubbard
|
0-0: Swinging Strike 0-1: Ball 1-1: Foul Ball, location: 2F 1-2: Ball 2-2: Foul Ball, location: 2F 2-2: Ball 3-2: Foul Ball, location: 2F 3-2: Foul Ball, location: 2F 3-2: Base on Balls Carlos Guerra to second
|
|
Batting: SHB Robert Soto
|
0-0: Foul Ball, location: 2F 0-1: Called Strike 0-2: Fly out, F6 (Popup, 6D, EV 56.2 MPH)
|
|
Batting: LHB Eddie Contreras
|
0-0: Ball Carlos Guerra is caught stealing 3rd base 2-5 Jim Hubbard to second 1-0: Foul Ball, location: 2F 1-1: Ball 2-1: Ball 3-1: SINGLE (Line Drive, 4D, EV 96.2 MPH) Jim Hubbard to third Runner from 3rd tries for Home, SAFE, throw by CF to home
|
|
Batting: RHB Alex Cardenas
|
0-0: Ball 1-0: Foul Ball, location: 2F 1-1: Called Strike 1-2: Foul Ball, location: 2F 1-2: Ball 2-2: Foul Ball, location: 2F 2-2: Foul Ball, location: 2F 2-2: Ball 3-2: Strikes out looking
|
| Bottom of the 3rd over - 1 run, 1 hit, 0 errors, 1 left on base; West Michigan 2 - Greenville 3 |
| TOP OF THE 4TH |
|
West Michigan Whitecaps batting - Pitching for Greenville Drive : RHP Su-wu Yang
|
|
Now in CF: Carlos Guerra
|
|
|
Batting: LHB Jon Pedlar
|
0-0: Called Strike 0-1: SINGLE (Groundball, 34D, EV 108.8 MPH)
|
|
Batting: RHB Scott Carr
|
0-0: Ball 1-0: Ball 2-0: Swinging Strike 2-1: Ball 3-1: Grounds into double play, 5-4-3 (Groundball, 56S, EV 82.5 MPH)
|
|
Batting: RHB Joe Zimmerman
|
0-0: Ground out 6-3 (Groundball, 6, EV 80.0 MPH)
|
| Top of the 4th over - 0 runs, 1 hit, 0 errors, 0 left on base; West Michigan 2 - Greenville 3 |
| BOTTOM OF THE 4TH |
|
Greenville Drive batting - Pitching for West Michigan Whitecaps : RHP Dave Valdez
|
|
Batting: RHB Tony Nunez
|
0-0: Swinging Strike 0-1: Swinging Strike 0-2: Ball 1-2: Ball 2-2: Strikes out swinging
|
|
Batting: RHB Scott Hawkins
|
0-0: Called Strike 0-1: Ball 1-1: Called Strike 1-2: SINGLE (Groundball, 6MD, EV 98.8 MPH)
|
|
Batting: RHB Ted Emmerich
|
0-0: Ball 1-0: Called Strike 1-1: Ball 2-1: Fielders Choice at 2nd, 1-4 (Groundball, 25, EV 73.1 MPH)
|
|
Batting: RHB Roger Mitchell
|
0-0: Called Strike 0-1: Foul Ball, location: 2F 0-2: Foul Ball, location: 2F 0-2: SINGLE (Groundball, 6MD, EV 98.1 MPH) Ted Emmerich to second Runner from 2nd tries for 3rd, SAFE, throw by CF made to third
|
|
Batting: LHB Carlos Guerra
|
0-0: Ball 1-0: Called Strike 1-1: Called Strike 1-2: Foul Ball, location: 2F 1-2: Foul Ball, location: 2F 1-2: Foul Ball, location: 2F 1-2: Ball 2-2: 3-RUN HOME RUN (Flyball, 7D, EV 98.8 MPH), Distance : 385 ft
|
|
Pitching: RHP Matt Sturge
|
|
|
Batting: RHB Jim Hubbard
|
0-0: Called Strike 0-1: Ball 1-1: Foul Ball, location: 2F 1-2: Ball 2-2: Foul Ball, location: 2F 2-2: Ground out 4-3 (Groundball, 4MS, EV 73.8 MPH)
|
| Bottom of the 4th over - 3 runs, 3 hits, 0 errors, 0 left on base; West Michigan 2 - Greenville 6 |
| TOP OF THE 5TH |
|
West Michigan Whitecaps batting - Pitching for Greenville Drive : RHP Su-wu Yang
|
|
Batting: LHB Steve Herrera
|
0-0: Ball 1-0: Ball 2-0: Ball 3-0: Base on Balls
|
|
Batting: RHB Yaremka Rzhevsky
|
0-0: Foul Ball, location: 2F 0-1: Ball Passed Ball! Steve Herrera to second 1-1: Foul Ball, location: 2F 1-2: Strikes out swinging
|
|
Batting: SHB Willie Medina
|
0-0: Called Strike 0-1: Ball 1-1: Fly out, F9 (Flyball, 89D, EV 100.6 MPH)
|
|
Batting: LHB Dave Carlisle
|
0-0: Ball 1-0: Ball 2-0: Ball 3-0: Base on Balls
|
|
Batting: LHB Jamie Christian
|
0-0: Swinging Strike 0-1: Foul Ball, location: 2F 0-2: DOUBLE (Groundball, 5D, EV 96.9 MPH) Steve Herrera scores Dave Carlisle to third Runner from 3rd tries for Home, SAFE, throw by LF to trailing runner, SAFE at third!
|
|
Batting: RHB Jon Goldstein
|
0-0: Ball 1-0: Ball 2-0: Ball 3-0: Base on Balls
|
|
Batting: LHB Jon Pedlar
|
0-0: Ball 1-0: Foul Ball, location: 2F 1-1: Ball 2-1: Ball 3-1: 3-RUN HOME RUN (Flyball, 9LD, EV 92.5 MPH), Distance : 333 ft
|
|
Pitching: RHP Jon Olivo
|
|
|
Batting: RHB Scott Carr
|
0-0: Fly out, F3 (Line Drive, 3, EV 68.8 MPH)
|
| Top of the 5th over - 5 runs, 2 hits, 0 errors, 0 left on base; West Michigan 7 - Greenville 6 |
| BOTTOM OF THE 5TH |
|
Greenville Drive batting - Pitching for West Michigan Whitecaps : RHP Matt Sturge
|
|
Batting: SHB Robert Soto
|
0-0: Called Strike 0-1: Called Strike 0-2: Ball 1-2: Ball 2-2: Foul Ball, location: 2F 2-2: SINGLE (Groundball, 34D, EV 110.6 MPH)
|
|
Batting: LHB Eddie Contreras
|
0-0: Ball 1-0: Called Strike 1-1: Swinging Strike 1-2: Ball 2-2: Foul Ball, location: 2F 2-2: Foul Ball, location: 2F 2-2: 2-RUN HOME RUN (Flyball, 9D, EV 104.4 MPH), Distance : 395 ft
|
|
Batting: RHB Alex Cardenas
|
0-0: Ball 1-0: Ball 2-0: Foul Ball, location: 2F 2-1: Ball 3-1: Base on Balls
|
|
Batting: RHB Tony Nunez
|
0-0: Ball 1-0: Ball 2-0: Ball 3-0: Called Strike 3-1: Called Strike 3-2: Strikes out swinging
|
|
Batting: RHB Scott Hawkins
|
0-0: Ground out 5-3 (Groundball, 56, EV 93.1 MPH) Alex Cardenas to second
|
|
Batting: RHB Ted Emmerich
|
0-0: Called Strike 0-1: Foul Ball, location: 2F 0-2: Foul Ball, location: 2F 0-2: Ground out 5-3 (Groundball, 56S, EV 84.4 MPH)
|
| Bottom of the 5th over - 2 runs, 2 hits, 0 errors, 1 left on base; West Michigan 7 - Greenville 8 |
| TOP OF THE 6TH |
|
West Michigan Whitecaps batting - Pitching for Greenville Drive : RHP Jon Olivo
|
|
Batting: RHB Joe Zimmerman
|
0-0: Swinging Strike 0-1: Ball 1-1: Swinging Strike 1-2: Foul Ball, location: 2F 1-2: Ball 2-2: Strikes out swinging
|
|
Batting: LHB Steve Herrera
|
0-0: Ground out 6-3 (Groundball, 6MS, EV 79.4 MPH)
|
|
Batting: RHB Yaremka Rzhevsky
|
0-0: Called Strike 0-1: Ball 1-1: Ball 2-1: Ball 3-1: Foul Ball, location: 2F 3-2: Fly out, F8 (Flyball, 89M, EV 93.1 MPH)
|
| Top of the 6th over - 0 runs, 0 hits, 0 errors, 0 left on base; West Michigan 7 - Greenville 8 |
| BOTTOM OF THE 6TH |
|
Greenville Drive batting - Pitching for West Michigan Whitecaps : RHP Matt Sturge
|
|
Batting: RHB Roger Mitchell
|
0-0: Called Strike 0-1: SINGLE (Line Drive, 89M, EV 99.4 MPH)
|
|
Batting: LHB Carlos Guerra
|
0-0: Called Strike Roger Mitchell steals 2nd base 0-1: Ball 1-1: Fly out, F9 (Line Drive, 9LM, EV 91.9 MPH)
|
|
Batting: RHB Jim Hubbard
|
0-0: Ball 1-0: Ball 2-0: Foul Ball, location: 2F 2-1: 2-RUN HOME RUN (Flyball, 9D, EV 95.6 MPH), Distance : 383 ft
|
|
Pitching: RHP Jorge Castaneda
|
|
|
Batting: SHB Robert Soto
|
0-0: Swinging Strike 0-1: Swinging Strike 0-2: Strikes out swinging
|
|
Batting: LHB Eddie Contreras
|
0-0: Called Strike 0-1: Foul Ball, location: 2F 0-2: Foul Ball, location: 2F 0-2: Ball 1-2: Ball 2-2: Foul Ball, location: 2F 2-2: Strikes out swinging
|
| Bottom of the 6th over - 2 runs, 2 hits, 0 errors, 0 left on base; West Michigan 7 - Greenville 10 |
| TOP OF THE 7TH |
|
West Michigan Whitecaps batting - Pitching for Greenville Drive : RHP Jon Olivo
|
|
Batting: SHB Willie Medina
|
0-0: Ball 1-0: Ball 2-0: Swinging Strike 2-1: Called Strike 2-2: Ball 3-2: Ground out 5-3 (Groundball, 56, EV 85.6 MPH)
|
|
Batting: LHB Dave Carlisle
|
0-0: Ball 1-0: Ground out U3 (Groundball, 3S, EV 63.1 MPH)
|
|
Batting: LHB Jamie Christian
|
0-0: Ball 1-0: Ball 2-0: Called Strike 2-1: Foul Ball, location: 2F 2-2: Ball 3-2: DOUBLE (Flyball, 8LXD, EV 94.4 MPH)
|
|
Batting: RHB Jon Goldstein
|
0-0: Called Strike 0-1: Ball 1-1: Ball 2-1: Called Strike 2-2: DOUBLE (Flyball, 89D, EV 92.5 MPH) Jamie Christian scores
|
|
Batting: LHB Jon Pedlar
|
0-0: Foul Ball, location: 2F 0-1: Ball 1-1: Swinging Strike 1-2: Ground out 5-3 (Groundball, 5, EV 89.4 MPH)
|
| Top of the 7th over - 1 run, 2 hits, 0 errors, 1 left on base; West Michigan 8 - Greenville 10 |
| BOTTOM OF THE 7TH |
|
Greenville Drive batting - Pitching for West Michigan Whitecaps : RHP Jorge Castaneda
|
|
Pitching: LHP Chris Thomas
|
|
|
Batting: RHB Alex Cardenas
|
0-0: Fly out, F8 (Flyball, 8RXD, EV 111.9 MPH)
|
|
Batting: RHB Tony Nunez
|
0-0: Ground out 5-3 (Groundball, 5L, EV 88.1 MPH)
|
|
Batting: RHB Scott Hawkins
|
0-0: Ball 1-0: Ground out 1-3 (Groundball, 15S, EV 70.0 MPH)
|
| Bottom of the 7th over - 0 runs, 0 hits, 0 errors, 0 left on base; West Michigan 8 - Greenville 10 |
| TOP OF THE 8TH |
|
West Michigan Whitecaps batting - Pitching for Greenville Drive : RHP Jon Olivo
|
|
Pitching: LHP Josh Turner
|
|
|
Now at 2B: Bobby Schimke
|
|
|
Now at 3B: Roger Mitchell
|
|
|
Batting: RHB Scott Carr
|
0-0: SINGLE (Groundball, 56D, EV 98.1 MPH)
|
|
Batting: RHB Joe Zimmerman
|
0-0: Ball 1-0: Foul Ball, location: 2F 1-1: Ground out 4-3 (Groundball, 34, EV 105.0 MPH) Scott Carr to second
|
|
Pinch Hitting: RHB German Quiroga
|
0-0: Ball 1-0: Swinging Strike 1-1: Foul Ball, location: 2F 1-2: Strikes out swinging
|
|
Batting: RHB Yaremka Rzhevsky
|
0-0: Ball 1-0: DOUBLE (Line Drive, 89D, EV 105.0 MPH) Scott Carr scores
|
|
Batting: SHB Willie Medina
|
0-0: Ball 1-0: Ball 2-0: Called Strike 2-1: Called Strike 2-2: DOUBLE (Line Drive, 89XD, EV 110.6 MPH) Yaremka Rzhevsky scores
|
|
Batting: LHB Dave Carlisle
|
0-0: Called Strike 0-1: Foul Ball, location: 2F 0-2: Ball 1-2: Strikes out looking
|
| Top of the 8th over - 2 runs, 3 hits, 0 errors, 1 left on base; West Michigan 10 - Greenville 10 |
| BOTTOM OF THE 8TH |
|
Greenville Drive batting - Pitching for West Michigan Whitecaps : LHP Chris Thomas
|
|
Now in CF: George Moran
|
|
|
Now in RF: Joe Zimmerman
|
|
|
Batting: RHB Ted Emmerich
|
0-0: Called Strike 0-1: Called Strike 0-2: SINGLE (Groundball, 5S, EV 73.1 MPH) (infield hit)
|
|
Batting: RHB Roger Mitchell
|
0-0: Bunt missed! 0-1: Ball 1-1: Sac Bunt to 5S - play at first, batter OUT! 5-3 Ted Emmerich to second
|
|
Batting: LHB Carlos Guerra
|
0-0: Ball 1-0: Fly out, F9 (Flyball, 9LS, EV 83.1 MPH)
|
|
Batting: RHB Jim Hubbard
|
0-0: Foul Ball, location: 2F 0-1: Ball 1-1: Ball 2-1: Foul Ball, location: 2F 2-2: Foul Ball, location: 2F 2-2: Foul Ball, location: 2F 2-2: Ball 3-2: Base on Balls
|
|
Batting: SHB Robert Soto
|
0-0: Foul Ball, location: 2F 0-1: Ball 1-1: Called Strike 1-2: Fly out, F7 (Flyball, 7, EV 91.9 MPH)
|
| Bottom of the 8th over - 0 runs, 1 hit, 0 errors, 2 left on base; West Michigan 10 - Greenville 10 |
| TOP OF THE 9TH |
|
West Michigan Whitecaps batting - Pitching for Greenville Drive : LHP Josh Turner
|
|
Pitching: RHP Ross Ratcliffe
|
|
|
Batting: LHB Jamie Christian
|
0-0: Ball 1-0: Ball 2-0: Ball 3-0: Called Strike 3-1: Swinging Strike 3-2: Base on Balls
|
|
Batting: RHB Jon Goldstein
|
0-0: Called Strike 0-1: Foul Ball, location: 2F 0-2: Strikes out looking
|
|
Batting: LHB Jon Pedlar
|
0-0: Foul Ball, location: 2F 0-1: Swinging Strike 0-2: SINGLE (Groundball, 4MD, EV 94.4 MPH) Jamie Christian to second
|
|
Pitching: RHP Adrian Colorado
|
|
|
Batting: RHB Scott Carr
|
0-0: Ball 1-0: Foul Ball, location: 2F 1-1: Fielders Choice at 2nd, 6-4 (Groundball, 6, EV 86.2 MPH) Jamie Christian to third
|
|
Batting: RHB Joe Zimmerman
|
0-0: Called Strike 0-1: Foul Ball, location: 2F 0-2: Strikes out swinging
|
| Top of the 9th over - 0 runs, 1 hit, 0 errors, 2 left on base; West Michigan 10 - Greenville 10 |
| BOTTOM OF THE 9TH |
|
Greenville Drive batting - Pitching for West Michigan Whitecaps : LHP Chris Thomas
|
|
Pitching: RHP T.J. McCullough
|
|
|
Batting: LHB Eddie Contreras
|
0-0: Called Strike 0-1: Foul Ball, location: 2F 0-2: Ball 1-2: Ground out 3-1 (Groundball, 34, EV 81.2 MPH)
|
|
Pinch Hitting: LHB Danny Montoya
|
0-0: Called Strike 0-1: Called Strike 0-2: Foul Ball, location: 2F 0-2: Strikes out swinging, 2-3 out at first.
|
|
Batting: RHB Tony Nunez
|
0-0: Ball 1-0: Called Strike 1-1: Ball 2-1: Foul Ball, location: 2F 2-2: Ball 3-2: SINGLE (Groundball, 34S, EV 64.4 MPH) (infield hit)
|
|
Batting: RHB Scott Hawkins
|
0-0: Called Strike Tony Nunez steals 2nd base 0-1: SINGLE (Line Drive, 6MD, EV 96.2 MPH) Tony Nunez to third Runner from 3rd tries for Home, SAFE, throw by CF to home
|
| Bottom of the 9th over - 1 run, 2 hits, 0 errors, 1 left on base; West Michigan 10 - Greenville 11 |
|